 Dungeon Crawl Stone Soup version 0.18.1-48-g4cf74bf (webtiles) character file.

172 tyranidshit the Skirmisher (level 5, -7/46 HPs)
             Began as a Demonspawn Abyssal Knight on Sept 8, 2016.
             Was a Believer of Lugonu.
             Mangled by an ice beast (14 damage)
             ... on level 3 of the Dungeon.
             The game lasted 00:08:49 (2503 turns).

tyranidshit the Skirmisher (DsAK)                   Turns: 2503, Time: 00:08:50

Health: -7/46      AC: 11    Str: 13    XL:     5   Next: 27%
Magic:  6/6        EV:  2    Int: 14    God:    Lugonu [**....]
Gold:   211        SH:  3    Dex: 12    Spells: 0 memorised, 4 levels left

rFire  . . .     SeeInvis .     m - +0 war axe
rCold  . . .     Gourm    .     k - +0 plate armour
rNeg   . . .     Faith    .     p - +0 buckler
rPois  .         Spirit   .     (helmet restricted)
rElec  .         Dismiss  .     j - +0 cloak
rCorr  .         Reflect  .     (no gloves)
SustAt .         Harm     .     (no boots)
MR     .....                    (no amulet)
Stlth  ..........               (no ring)
                                (no ring)

@: very slightly contaminated, not resistant to hostile enchantments, extremely
unstealthy
A: horns 2, rot immunity
a: Depart the Abyss, Bend Space, Renounce Religion


You were on level 3 of the Dungeon.
You worshipped Lugonu.
Lugonu was pleased with you.
You were not hungry.

You visited 2 branches of the dungeon, and saw 5 of its levels.
You visited the Abyss 1 time.

You collected 211 gold pieces.

Inventory:

Hand Weapons
 a - a +1 hand axe
 m - a +0 war axe (weapon)
Armour
 b - a +0 leather armour
 j - a +0 cloak (worn)
 k - a +0 plate armour (worn)
 p - a +0 buckler (worn)
Wands
 g - a wand of hasting (3/9)
 o - a wand of flame (29/48)
Scrolls
 e - 4 scrolls of identify
 i - a scroll of amnesia
Books
 l - a book of Annihilations

   Spells                             Type                      Level
   a - Poison Arrow                   Conjuration/Poison           6
   b - Chain Lightning                Conjuration/Air              8
   c - Lehudib's Crystal Spear        Conjuration/Earth            8
   d - Glaciate                       Conjuration/Ice              9
   e - Fire Storm                     Conjuration/Fire             9
Comestibles
 d - a meat ration
 f - 2 royal jellies
 h - 2 fruits


   Skills:
 + Level 6.0 Fighting
 - Level 1.7 Axes
 - Level 1.7 Armour
 - Level 0.8 Dodging
 - Level 2.4 Invocations


You had 4 spell levels left.
You didn't know any spells.

Dungeon Overview and Level Annotations

Branches:
Dungeon (4/15)             Temple (1/1) D:4

Altars:
Ashenzari
Cheibriados
Dithmenos
Elyvilon
Fedhas
Gozag
Kikubaaqudgha
Makhleb
Nemelex Xobeh
Okawaru
Pakellas
Qazlal
Ru
Sif Muna
Vehumet
Zin
The Shining One

Annotations:
D:4 kolakolka's ghost, amateur GrVM


Innate Abilities, Weirdness & Mutations

You have a pair of horns on your head.
You are immune to rotting.


Message History

The ice beast barely misses you.
You hit the orc wizard.
You kill the orc wizard!
Lugonu accepts your kill.
Your Fighting skill increases to level 6!
You closely miss the orc.
The orc is severely wounded.
You miss the ice beast.
The ice beast is lightly wounded.
The orc hits you but does no damage. The ice beast hits you.
The ice beast freezes you!
* * * LOW HITPOINT WARNING * * *
The orc hits you but does no damage.
Your plate armour prevents you from hitting the orc.
The orc is severely wounded.
You feel yourself slow down.
You feel less confused. The orc hits you but does no damage.
The ice beast hits you.
* * * LOW HITPOINT WARNING * * *
The ice beast freezes you!
You die...

### #. ..# #.# #.#
#.#######.# #......##.#
##### ##......##.# #...#
##......##.# #.).#
##......##.###)Y@#
##......##.....o.##### ###
Y.......'.....>........ ..#
##.##...###.......##### #.#
##.##...###.......# #.#
##.##.............# #.#
##.####.....##...)# #.# .#.#
#.....##..((##########.#
.#..
............(.........#.####


You could see an ice beast and an orc.

Vanquished Creatures
  An iguana (D:4)
  An orc wizard (D:3)
  2 worker ants
  An ooze (D:3)
  2 worms
  2 dart slugs
  2 giant geckos (D:1)
  3 orcs
  3 giant cockroaches (D:2)
  9 goblins
  6 hobgoblins
  4 jackals (D:1)
  3 quokkas
  5 bats
  5 giant newts
  6 kobolds
  4 rats
59 creatures vanquished.

Notes
Turn   | Place    | Note
--------------------------------------------------------------
     0 | Abyss:1  | tyranidshit the Demonspawn Abyssal Knight began the quest for the Orb.
     0 | Abyss:1  | Reached XP level 1. HP: 18/18 MP: 2/2
    61 | Abyss:1  | Found a corrupted altar of Lugonu.
    99 | Abyss:2  | Noticed a thrashing horror
   101 | D:1      | Escaped the Abyss
   208 | D:1      | Reached * piety under Lugonu
   314 | D:1      | Gained mutation: You have a pair of small horns on your head. [demonic ancestry]
   314 | D:1      | Reached XP level 2. HP: 11/24 MP: 3/3
   612 | D:1      | Reached skill level 4 in Fighting
   886 | D:2      | Gained mutation: You are immune to rotting. [demonic ancestry]
   886 | D:2      | Reached XP level 3. HP: 30/30 MP: 4/4
   963 | D:2      | Found a radiant altar of Vehumet.
   984 | D:2      | Found a snail-covered altar of Cheibriados.
  1039 | D:2      | Reached ** piety under Lugonu
  1597 | D:3      | Gained mutation: You have a pair of horns on your head. [demonic ancestry]
  1597 | D:3      | Reached XP level 4. HP: 34/38 MP: 5/5
  1729 | D:3      | Reached skill level 5 in Fighting
  1765 | D:3      | Found a white marble altar of Elyvilon.
  1766 | D:3      | Noticed an ice beast
  1766 | D:3      | Found a deep blue altar of Sif Muna.
  1766 | D:3      | Found a shattered altar of Ashenzari.
  1904 | D:4      | Noticed a phantom
  1911 | D:4      | Found a staircase to the Ecumenical Temple.
  1916 | D:4      | Noticed kolakolka's ghost (amateur GrVM)
  1920 | Temple   | Entered the Ecumenical Temple
  2196 | Temple   | Reached XP level 5. HP: 5/46 MP: 6/6
  2501 | D:3      | Reached skill level 6 in Fighting
  2503 | D:3      | Mangled by an ice beast

Skill      XL: |  1  2  3  4  5 |
---------------+----------------+-----
Fighting       | 4 5 6 |  6.0
Axes           | |  1.7
Armour         | |  1.7
Dodging        | |  0.8
Invocations    | |  2.4

Action                   |  1- 3 |  4- 6 || total
-------------------------+-------+-------++-------
Melee: Hand axe          |   134 |       ||   134
       Headbutt          |    18 |     5 ||    23
       War axe           |     9 |    39 ||    48
Invok: Depart the Abyss  |     1 |       ||     1
Evoke: Wand              |     1 |     1 ||     2
  Use: Scroll            |     6 |       ||     6
       Potion            |     4 |     1 ||     5
  Eat: Bread ration      |     1 |     1 ||     2
Armor: Leather armour    |    33 |       ||    33
       Plate armour      |   103 |    57 ||   160
Dodge: Dodged            |    75 |     5 ||    80
Block: Buckler           |       |     7 ||     7
